 Dungeon Crawl Stone Soup version 0.30-a0-364-gf6b3ef1049 (webtiles) character file.

Game seed: 18135718712941395435

223 Ijustatesigmund the Firebug (level 5, -9/28 HPs)
             Began as a Deep Elf Fire Elementalist on Nov 16, 2022.
             Killed by nerve-wracking pain
             ... invoked by an orc priest
              (13 damage)
             ... on level 4 of the Dungeon.
             The game lasted 00:07:50 (3542 turns).

Ijustatesigmund the Firebug (DEFE)                  Turns: 3542, Time: 00:07:51

Health: -9/28      AC:  6    Str:  5    XL:     5   Next: 66%
Magic:  2/12       EV: 12    Int: 22    God:
Gold:   189        SH:  0    Dex: 15    Spells: 4/11 levels left

rFire   . . .      SeeInvis .    c - +6 hand axe (flame)
rCold   . . .      Faith    .    (no shield)
rNeg    . . .      Spirit   .    a - +0 robe
rPois   .          Reflect  .    i - +0 helmet
rElec   .          Harm     .    (no cloak)
rCorr   .          Rampage  .    (no gloves)
Will    .....                    o - +2 pair of boots
Stlth   ++........               (no amulet)
HPRegen 0.24/turn                (no ring)
MPRegen 0.13/turn                (no ring)

@: no status effects
A: no striking features
a: no special abilities


You were on level 4 of the Dungeon.
You visited 1 branch of the dungeon, and saw 4 of its levels.

You collected 189 gold pieces.

Inventory:

Hand Weapons
 c - a +6 hand axe of flaming (weapon)
 m - a +0 trident
Armour
 a - a +0 robe (worn)
 i - a +0 helmet (worn)
 o - a +2 pair of boots (worn)
Wands
 l - a wand of digging (5)
Scrolls
 g - a scroll of noise {unknown}
 h - a scroll of silence {unknown}
 n - a scroll of immolation
 p - a scroll of magic mapping {unknown}
Potions
 e - a potion of lignification
 f - a potion of curing
 j - a potion of invisibility
 k - a potion of haste


   Skills:
 - Level 2.4 Dodging
 - Level 2.4 Stealth
 + Level 3.8 Spellcasting
 + Level 4.2 Conjurations
 + Level 5.3 Fire Magic


You had 4 spell levels left.
You knew the following spells:

 Your Spells              Type           Power      Damage    Failure   Level
a - Foxfire               Conj/Fire      100%       2x1d9     1%          1
b - Scorch                Fire           54%        2d7       1%          2
c - Flame Wave            Conj/Fire      25%        2d8       16%         4

Your spell library contained the following spells:

 Spells                   Type           Power      Damage    Failure   Level
 Momentum Strike          Conj/Tloc      26%        3d8       8%          2
 Inner Flame              Hex/Fire       15%        N/A       12%         3
 Blink                    Tloc           8%         N/A       17%         2
 Kindle Blastsparks       Fire/Tloc/Air  24%        2d12      17%         3
 Lesser Beckoning         Tloc           8%         N/A       34%         3


Dungeon Overview and Level Annotations

Branches:
Dungeon (4/15)
 Temple: D:4-7

Altars:
Makhleb
Qazlal
Vehumet

Shops:
D:2 ([(


Message History

Casting: Scorch (safe; 1% risk of failure)
Confirm with . or Enter, or press ? or * to list all spells.
Flames lash the orc priest.
The orc priest is burned terribly!
The orc priest is almost dead.
The orc priest hits you but does no damage.
The orc priest mumbles some strange prayers to Beogh against you.
Pain shoots through your body!
Casting: Scorch (safe; 1% risk of failure)
Confirm with . or Enter, or press ? or * to list all spells.
Flames lash the orc.
The orc is almost dead.
The orc's fire resistance burns away.
The orc priest hits you but does no damage.
The orc priest invokes the aid of Beogh against you.
Beogh smites you!
* * * LOW HITPOINT WARNING * * *
Unknown command.
Casting: Scorch (safe; 1% risk of failure)
Confirm with . or Enter, or press ? or * to list all spells.
You conjure some foxfire!
The foxfire hits the orc priest but does no damage.
The orc priest is almost dead.
The foxfire hits the orc but does no damage.
The orc is almost dead.
The orc barely misses you.
Casting: Foxfire (safe; 1% risk of failure)
Confirm with . or Enter, or press ? or * to list all spells.
Flames lash the orc.
The orc is burned terribly!
You kill the orc!
The orc priest hits you with a staff of conjuration.
* * * LOW HITPOINT WARNING * * *
Casting: Scorch (safe; 1% risk of failure)
Confirm with . or Enter, or press ? or * to list all spells.
You don't have enough magic to cast this spell.
You hit the orc priest but do no damage.
The orc priest is almost dead.
The orc priest is no longer more vulnerable to fire.
The orc priest calls down the wrath of Beogh upon you.
Pain shoots through your body!
You die...

....... #.# .......
####'### .......
#......# .......
#......# .......
#......+ .......#####
#......# .......+...#
#......# #.#.#.#)##§#
####+#.# .......@o#.#
##.#.# #.#.#.#)##.#
..#.#..
.........#+#######.#.###
#.#.#.#.#..........#.###
..................#....
#.#.#.#.#..........##...
...................##...
#.#.#.#.#..).......##...
........).÷))......##[.#


You could see an orc priest.

Vanquished Creatures
  An orc priest (D:4)
  An iguana (D:4)
  An orc wizard (D:4)
  Terence (D:3)
  2 adders
  An ufetubus (D:4)
  2 worms
  4 dart slugs
  7 orcs
  11 ball pythons
  9 bats
  5 endoplasms
  2 giant cockroaches
  4 goblins
  5 hobgoblins
  A jackal (D:4)
  7 kobolds
  5 quokkas
  4 frilled lizards
  6 rats
79 creatures vanquished.

Vanquished Creatures (others)
  175 foxfires
175 creatures vanquished.

Grand Total: 254 creatures vanquished

Notes
Turn   | Place    | Note
-------+----------+-------------------------------------------
     0 | D:1      | Ijustatesigmund the Deep Elf Fire Elementalist began the
                  | quest for the Orb.
     0 | D:1      | Reached XP level 1. HP: 10/10 MP: 6/6
   118 | D:1      | Reached XP level 2. HP: 15/15 MP: 5/8
   121 | D:1      | Learned a level 2 spell: Scorch
   592 | D:1      | Reached skill level 4 in Fire Magic
   673 | D:1      | Reached XP level 3. HP: 19/19 MP: 5/9
  1323 | D:2      | Found Hakaici's Weapon Shop.
  1499 | D:2      | Found Woute's Weapon Shop.
  1538 | D:2      | Found Ugeocex's Antique Armour Shop.
  1860 | D:3      | Reached XP level 4. HP: 24/24 MP: 3/10
  2335 | D:3      | Noticed Terence
  2344 | D:3      | Killed Terence
  2738 | D:3      | Learned a level 4 spell: Flame Wave
  2793 | D:4      | Found a stormy altar of Qazlal.
  2820 | D:4      | Found a radiant altar of Vehumet.
  2820 | D:4      | Found a burning altar of Makhleb.
  3065 | D:4      | Reached skill level 5 in Fire Magic
  3065 | D:4      | Reached XP level 5. HP: 24/28 MP: 5/11
  3542 | D:4      | Killed from afar by an orc priest

Illustrated notes

Levels and vault maps discovered:
D:1:      onia_arrival_handbag, layout_basic
D:2:      layout_basic, serial_shops, nicolae_shop_competitors_out_of_business,
          shop, nicolae_shop_crystal
D:3:      layout_loops_cross, uniq_terence
D:4:      layout_basic, gammafunk_temple_overflow_forgotten, st_stairs_11

Skill      XL: |  1  2  3  4  5 |
---------------+----------------+-----
Conjurations   | 2 3 4 |  4.2
Fire Magic     | 4 5 |  5.3
Dodging        | |  2.4
Stealth        | |  2.4
Spellcasting   | |  3.8

Action                   |  1- 3 |  4- 6 || total
-------------------------+-------+-------++-------
Melee: Trident           |    16 |       ||    16
       Hand axe          |       |    12 ||    12
 Cast: Foxfire           |    51 |    55 ||   106
       Scorch            |    13 |    17 ||    30
  Use: Scroll            |     5 |     3 ||     8
       Potion            |       |     3 ||     3
 Stab: Sleeping          |     1 |       ||     1
Armor: Robe              |     7 |    25 ||    32
Dodge: Dodged            |    15 |    44 ||    59

Table legend: (Time is in decaauts)
 A = Elapsed time spent in this place.
 B = Non-inter-level travel time spent in this place.
 C = Inter-level travel time spent in this place.
 D = Time resting spent in this place.
 E = Time spent auto-exploring this place.
 F = Levels seen in this place.
 G = Mean time per level.
                   A        B        C        D        E       F      G
               +--------+--------+--------+--------+--------+-----+--------+
         Total |   3547 |   3420 |    127 |    393 |   2492 |   4 |  886.8 |
       Dungeon |   3547 |   3420 |    127 |    393 |   2492 |   4 |  886.8 |
               +--------+--------+--------+--------+--------+-----+--------+

Top non-repeatable levels by time:
     D:1: 1098 daAuts
     D:3: 946 daAuts
     D:4: 764 daAuts
     D:2: 738 daAuts
